 Dungeon Crawl Stone Soup version 0.28.0-53-g5a82cb258f (webtiles) character file.

Game seed: 4817723394704325616

14797 LustLizard the Cleaver (level 11, -6/151 HPs)
             Began as a Minotaur Berserker on July 15, 2022.
             Was an Elder of Trog.
             Mangled by an orc knight
             ... wielding a +2 battleaxe of freezing
              (17 damage)
             ... on level 1 of the Orcish Mines.
             The game lasted 00:23:20 (15422 turns).

LustLizard the Cleaver (Minotaur Berserker)        Turns: 15422, Time: 00:23:20

Health: -6/151     AC:  6    Str: 27    XL:     11   Next: 93%
Magic:  10/10      EV: 11    Int:  6    God:    Trog [****..]
Gold:   1137       SH:  0    Dex:  9    Spells: 10/10 levels left

rFire   + . .      SeeInvis .   P - +6 battleaxe
rCold   . . .      Faith    .   (shield currently unavailable)
rNeg    . . .      Spirit   .   U - +0 ring mail "Sies" {-Cast rElec rCorr Slay+5}
rPois   +          Reflect  .   (helmet restricted)
rElec   +          Harm     .   (no cloak)
rCorr   +          Rampage  .   (no gloves)
Will    +....      NoCast   +   k - +0 pair of boots
Stlth   ..........              (no amulet)
HPRegen 0.35/turn               e - ring of willpower
MPRegen 0.12/turn               H - ring of Understanding {rPois rF+ Str+2}

@: berserking, very quick
A: horns 2, retaliatory headbutt
a: Renounce Religion, Berserk, Trog's Hand, Brothers in Arms


You were on level 1 of the Orcish Mines.
You worshipped Trog.
Trog was greatly pleased with you.
You visited 2 branches of the dungeon, and saw 13 of its levels.

You collected 1137 gold pieces.

Inventory:

Hand Weapons
 P - a +6 battleaxe (weapon)
Missiles
 h - 315 stones (quivered)
 q - a throwing net
 F - 27 poisoned darts
 L - 9 boomerangs
Armour
 k - a +0 pair of boots (worn)
 U - the +0 ring mail "Sies" (worn) {-Cast rElec rCorr Slay+5}
   (You found it on level 8 of the Dungeon)

   Slay:      It affects your accuracy & damage with ranged weapons and melee
   (+5).
   rElec:     It insulates you from electricity.
   -Cast:     It prevents spellcasting.
   rCorr:     It protects you from acid and corrosion.
Jewellery
 e - a ring of willpower (left hand)
 m - a +4 ring of protection
 H - the ring of Understanding (right hand) {rPois rF+ Str+2}
   (You took it off an orc on level 6 of the Dungeon)

   [ring of protection from fire]

   Str:       It affects your strength (+2).
   rF:        It protects you from fire.
   rPois:     It protects you from poison.
 I - a ring of protection from fire
Wands
 a - a wand of flame (2)
 O - a wand of charming (11)
 S - a wand of digging (2)
 Z - a wand of acid (2)
Scrolls
 b - a scroll of summoning {unknown}
 d - a scroll of noise {unknown}
 f - 3 scrolls of magic mapping {unknown}
 i - 2 scrolls of amnesia {unknown}
 j - a scroll of immolation {unknown}
 p - 3 scrolls of fear {unknown}
 r - 3 scrolls of holy word {unknown}
 t - 2 scrolls of fog {unknown}
 u - a scroll of blinking {unknown}
 y - a scroll of acquirement {unknown}
 A - 2 scrolls of enchant weapon {unknown}
 B - a scroll of torment {unknown}
 Q - 2 scrolls of teleportation {unknown}
 V - 4 scrolls of identify
 W - a scroll of enchant armour {unknown}
Potions
 c - a potion of mutation
 l - 2 potions of resistance
 s - a potion of might {unknown}
 v - 5 potions of lignification
 w - 3 potions of curing {unknown}
 x - 2 potions of haste
 E - a potion of berserk rage {unknown}
 G - a potion of experience {unknown}
 J - 3 potions of flight {unknown}
 K - 2 potions of attraction {unknown}
 R - a potion of ambrosia {unknown}
 T - a potion of cancellation {unknown}


   Skills:
 + Level 10.6 Fighting
 * Level 14.3 Axes
 * Level 11.6 Throwing
 - Level 2.4 Armour
 - Level 2.1 Dodging
 * Level 5.5 Evocations


You had 10 spell levels left.
You didn't know any spells.
Your spell library was empty.

Dungeon Overview and Level Annotations

Branches:
Dungeon (11/15)            Temple (0/1) D:4            Lair (0/6) D:10
    Orc (2/2) D:11
    Elf: Orc:2

Altars:
Dithmenos
Hepliaklqana

Shops:
D:9 (   D:10 =   Orc:1 (

Portals:
Trove: D:10 (give 3 potions of resistance)


Innate Abilities, Weirdness & Mutations

You have a pair of horns on your head.
You reflexively headbutt those who attack you in melee.


Message History

You feel yourself slow down.
You start resting.
You feel yourself speed up.
You start resting.
You recover from your berserk rage.
You start resting.
You start resting.
HP restored.
You climb downwards.
The orc knight hits you with a +2 battleaxe of freezing!!
The orc knight freezes you.
There is a stone staircase leading up, spattered with blood here.
You slash the orc knight!
The orc knight is lightly wounded.
The orc knight hits you with a +2 battleaxe of freezing!!
The orc knight freezes you!
You closely miss the orc knight.
The orc knight is lightly wounded.
The orc knight hits you with a +2 battleaxe of freezing!
* * * LOW HITPOINT WARNING * * *
The orc knight freezes you.
* * * LOW HITPOINT WARNING * * *
The orc knight hits you with a +2 battleaxe of freezing!
* * * LOW HITPOINT WARNING * * *
The orc knight freezes you.
* * * LOW HITPOINT WARNING * * *
You climb upwards.
There is a stone staircase leading down, spattered with blood here.
Okay, then.
Okay, then.
A red film seems to cover your vision as you go berserk!
You feel yourself moving faster!
You feel mighty!
The orc knight hits you with a +2 battleaxe of freezing.
* * * LOW HITPOINT WARNING * * *
The orc knight freezes you.
* * * LOW HITPOINT WARNING * * *
You slice the orc knight!! You headbutt the orc knight!
The orc knight is severely wounded.
The orc knight hits you with a +2 battleaxe of freezing!
You die...

#..#.## ....#.# ....####
....##.### ##### ...#[#...##
##...## #.#.......# ##.....###
####..#...### ##........###
##...##.[...## ##...........##
##....###....###@.....###....##
....)###.....##[o.<..#####....#
......#.....####......##.....##
#.........#.# ###....##..#.##
####.....#### ###......###
#####...#.# #.......# ..#
#...### ####.#### ..#####.# ###
...###.##


You could see an orc knight.

Vanquished Creatures
  An orc warlord (Orc:1)
  Erica (D:10)
  A boulder beetle (D:11)
  4 two-headed ogres
  An orc knight (Orc:2)
  Pikel (D:6)
  A centaur zombie (D:10)
  A gargoyle (D:10)
  3 trolls
  Prince Ribbit (D:7)
  A hornet (D:10)
  Sigmund (D:3)
  4 wyverns
  4 yaks (D:10)
  A wraith (D:11)
  A basilisk (D:10)
  5 water moccasins
  2 acid dragons
  A sky beast (D:5)
  2 black bears
  3 ice beasts
  15 orc warriors
  A necrophage (D:5)
  7 ogres
  6 centaurs
  2 phantoms (D:5)
  4 kobold brigands
  A water moccasin zombie (D:5)
  4 scorpions
  3 killer bees (D:10)
  5 wights
  3 jellies
  11 orc priests
  3 centaur skeletons
  A bullfrog skeleton (D:7)
  4 iguanas
  16 orc wizards
  A scorpion zombie (D:5)
  A howler monkey zombie (D:8)
  7 gnolls
  A howler monkey skeleton (D:5)
  11 adders
  2 shadow imps
  An ufetubus (D:6)
  2 worms (D:2)
  4 dart slugs
  44 orcs
  6 ball pythons
  4 endoplasms
  A giant cockroach (D:4)
  7 goblins
  9 hobgoblins
  27 kobolds
  2 quokkas
  2 bats (D:1)
  3 frilled lizards (D:1)
  7 rats
268 creatures vanquished.

Vanquished Creatures (others)
  A hound zombie (D:5)
  2 gnolls (D:5)
  A bush (D:10)
  3 fungi (D:10)
  18 plants
25 creatures vanquished.

Grand Total: 293 creatures vanquished

Notes
Turn   | Place    | Note
-------+----------+-------------------------------------------
     0 | D:1      | LustLizard the Minotaur Berserker began the quest for the
                  | Orb.
     0 | D:1      | Reached XP level 1. HP: 19/19 MP: 0/0
    52 | D:1      | Found a faded altar of an unknown god.
   216 | D:1      | Reached skill level 4 in Axes
   392 | D:1      | Reached XP level 2. HP: 27/27 MP: 1/1
  1036 | D:2      | Found a hazy altar of Hepliaklqana.
  1285 | D:2      | Reached skill level 1 in Throwing
  1285 | D:2      | Reached XP level 3. HP: 33/33 MP: 2/2
  1472 | D:2      | Reached ** piety under Trog
  1790 | D:3      | Reached XP level 4. HP: 36/40 MP: 3/3
  1857 | D:3      | Noticed a scorpion
  1869 | D:3      | Killed a scorpion
  1870 | D:3      | Reached skill level 5 in Axes
  2066 | D:3      | Noticed Sigmund
  2070 | D:3      | Reached XP level 5. HP: 47/47 MP: 4/4
  2075 | D:3      | Killed Sigmund
  2076 | D:3      | Reached skill level 5 in Fighting
  2076 | D:3      | Reached skill level 6 in Axes
  2076 | D:3      | Reached XP level 6. HP: 56/56 MP: 5/5
  2942 | D:4      | Reached XP level 7. HP: 19/61 MP: 6/6
  3293 | D:4      | Found a staircase to the Ecumenical Temple.
  3343 | D:4      | Reached skill level 7 in Axes
  3770 | D:5      | Entered Level 5 of the Dungeon
  4119 | D:5      | Reached skill level 5 in Throwing
  4280 | D:5      | Reached *** piety under Trog
  4439 | D:5      | Noticed a two-headed ogre
  4742 | D:5      | Reached skill level 8 in Axes
  4742 | D:5      | Reached XP level 8. HP: 68/70 MP: 7/7
  4756 | D:5      | Found a shadowy altar of Dithmenos.
  4919 | D:5      | Killed a two-headed ogre
  4920 | D:5      | Reached skill level 9 in Axes
  5689 | D:5      | Reached XP level 9. HP: 16/79 MP: 8/8
  6018 | D:5      | Reached skill level 10 in Axes
  6317 | D:6      | Identified the ring of Understanding {rPois rF+ Str+2}
  6426 | D:6      | Reached **** piety under Trog
  6449 | D:6      | Noticed Pikel
  6473 | D:6      | Killed Pikel
  7017 | D:6      | Reached skill level 11 in Axes
  8001 | D:7      | Noticed Prince Ribbit
  8010 | D:7      | Killed Prince Ribbit
  8120 | D:7      | Reached XP level 10. HP: 82/89 MP: 9/9
  9294 | D:8      | Reached skill level 12 in Axes
  9604 | D:8      | Identified the +0 ring mail "Sies" {-Cast rElec rCorr
                  | Slay+5}
  9644 | D:8      | Noticed a two-headed ogre
  9667 | D:8      | Killed a two-headed ogre
 10260 | D:9      | Found Buhana's Hydra Hut.
 10264 | D:9      | Noticed a seven-headed hydra
 10391 | D:9      | You fall into a shaft and drop 2 floors!
 10411 | D:11     | Reached skill level 10 in Throwing
 10519 | D:11     | Noticed a two-headed ogre
 10538 | D:10     | Entered Level 10 of the Dungeon
 10538 | D:10     | Noticed a gargoyle
 10544 | D:10     | Killed a gargoyle
 10560 | D:10     | Reached skill level 1 in Evocations
 10672 | D:10     | Found a portal to a secret trove of treasure.
 10686 | D:10     | Noticed a two-headed ogre
 10691 | D:10     | Killed a two-headed ogre
 10692 | D:10     | Reached skill level 13 in Axes
 10791 | D:10     | Reached XP level 11. HP: 45/99 MP: 10/10
 11654 | D:9      | Reached ***** piety under Trog
 11898 | D:10     | Found a staircase to the Lair.
 11907 | D:10     | Reached skill level 10 in Fighting
 12163 | D:10     | Noticed Erica
 12173 | D:10     | Killed Erica
 12309 | D:10     | Found Wonion's Jewellery Boutique.
 12508 | D:11     | Found a staircase to the Orcish Mines.
 12609 | D:11     | Killed a two-headed ogre
 12721 | D:11     | Noticed a boulder beetle
 12732 | D:11     | Killed a boulder beetle
 12972 | Orc:1    | Entered Level 1 of the Orcish Mines
 13006 | Orc:2    | Entered Level 2 of the Orcish Mines
 13023 | Orc:1    | Found Zoluh's Weapon Emporium.
 13639 | Orc:1    | Reached skill level 14 in Axes
 13922 | Orc:1    | Noticed an orc warlord
 14409 | Orc:2    | Reached skill level 5 in Evocations
 14418 | Orc:2    | Noticed an orc knight
 14428 | Orc:2    | Killed an orc knight
 14597 | Orc:1    | Killed an orc warlord
 15064 | Orc:2    | Noticed an orc high priest
 15072 | Orc:2    | Noticed an orc warlord
 15090 | Orc:2    | Noticed an orc knight
 15422 | Orc:1    | Mangled by an orc knight

Illustrated notes

Levels and vault maps discovered:
D:1:      minmay_arrival_loop, layout_loops_ring,
          shapermc_ecumenical_altar_rom_forum
D:2:      layout_basic, basic_altar
D:3:      layout_loops_ring, uniq_sigmund
D:4:      layout_cave_pools, minmay_temple_entry_gardened_gates
D:5:      minmay_polygon_palace, layout_basic, grunt_dithmenos_smoke,
          lemuel_flamethrower_2
D:6:      layout_cave_pools, kennysheep_decorative_pillar, uniq_pikel
D:7:      layout_gridville, uniq_prince_ribbit1
D:8:      layout_rooms
D:9:      layout_loops_corners, doesnt_shop_hydraphobe
D:10:     layout_rooms, minmay_lair_entry_grove, serial_shops,
          nicolae_shop_hallway_stairs, enter_trove_1, uniq_erica
D:11:     layout_rooms, orc_0_dummy, serial_curves, eino_curves_03,
          eino_curves_02
Orc:1:    layout_diamond_mine, serial_shops, nicolae_diamond_shop
Orc:2:    grunt_orc_gardens, layout_caves, grunt_orc_garden, grunt_orc_garden,
          grunt_orc_garden, grunt_orc_garden, serial_shops, shop,
          kennysheep_orc_sif_temple, uniq_josephine

Skill      XL: |  1  2  3  4  5  6  7  8  9 10 11 |
---------------+----------------------------------+-----
Axes           | 4 5 6 8 9 11 13 14 | 14.3
Fighting       | 4 5 6 7 8 9 10 | 10.6
Throwing       | 1 2 3 4 5 7 9 10 11 | 11.6
Evocations     | 2 5 |  5.5
Armour         | |  2.4
Dodging        | |  2.1

Action                   |  1- 3 |  4- 6 |  7- 9 | 10-12 || total
-------------------------+-------+-------+-------+-------++-------
Melee: Hand axe          |    87 |    70 |    92 |       ||   249
       Headbutt          |    10 |    11 |    37 |    41 ||    99
       War axe           |       |       |   111 |       ||   111
       Punch             |       |       |     1 |       ||     1
       Battleaxe         |       |       |    16 |   209 ||   225
Throw: Stone             |     5 |    27 |    61 |   120 ||   213
       Dart              |       |       |       |     3 ||     3
Invok: Berserk           |       |     1 |     5 |     6 ||    12
       Trog's Hand       |       |     1 |       |     3 ||     4
Evoke: Wand              |       |       |       |     2 ||     2
  Use: Scroll            |       |       |       |     8 ||     8
       Potion            |       |       |       |     1 ||     1
Armor: Ring mail         |    13 |       |       |    31 ||    44
       Chain mail        |    14 |    32 |   100 |    26 ||   172
Dodge: Dodged            |    40 |    25 |    85 |    92 ||   242
